 Dungeon Crawl Stone Soup version 0.25.0-11-g1f837a76a1 (webtiles) character file.

Game seed: 2023412678591979944

120 DunjonMajik the Shield-Bearer (level 5, -9/41 HPs)
             Began as a Formicid Fighter on June 24, 2020.
             Killed by divine providence
             ... invoked by an orc priest
              (13 damage)
             ... on level 3 of the Dungeon.
             The game lasted 00:02:37 (1443 turns).

DunjonMajik the Shield-Bearer (Formicid Fighter)    Turns: 1443, Time: 00:02:37

Health: -9/41      AC:  8    Str: 22    XL:     5   Next: 25%
Magic:  5/5        EV:  9    Int:  7    God:
Gold:   121        SH:  0    Dex: 10    Spells: 4/4 levels left

rFire    . . .     SeeInvis +   a - +0 war axe
rCold    . . .     Gourm    .   (no shield)
rNeg     . . .     Faith    .   b - +0 scale mail
rPois    .         Spirit   .   (helmet unavailable)
rElec    .         Reflect  .   r - +0 cloak
rCorr    .         Harm     .   (no gloves)
MR       .....                  (no boots)
Stlth    ..........             (no amulet)
HPRegen  0.13/turn              (no ring)
MPRegen  0.09/turn              (no ring)

@: no status effects
A: permanent stasis, dig shafts and tunnels, four strong arms, antennae 3
a: Dig, Shaft Self


You were on level 3 of the Dungeon.
You were not hungry.

You visited 1 branch of the dungeon, and saw 3 of its levels.

You collected 121 gold pieces.

Inventory:

Hand Weapons
 a - a +0 war axe (weapon)
 i - a +1 dagger of venom
Missiles
 n - 16 poisoned darts (quivered)
Armour
 b - a +0 scale mail (worn)
 c - a +0 kite shield
 r - a +0 cloak (worn)
Scrolls
 e - 2 scrolls of identify {unknown}
 h - a scroll of fear {unknown}
 j - a scroll of blinking {unknown}
 l - a scroll of teleportation {unknown}
 o - 2 scrolls of remove curse {unknown}
Potions
 d - a potion of might
 k - a potion of stabbing {unknown}
 m - a potion of heal wounds {unknown}
 p - a potion of flight {unknown}
 q - a potion of ambrosia {unknown}
 s - a potion of magic {unknown}
Comestibles
 f - 12 rations
 g - 4 chunks of flesh


   Skills:
 - Level 3.2 Fighting
 - Level 4.1 Axes
 - Level 3.2 Armour
 + Level 5.0 Shields


You had 4 spell levels left.
You didn't know any spells.
Your spell library was empty.

Dungeon Overview and Level Annotations

Branches:
Dungeon (3/15)

Altars:
Cheibriados


Innate Abilities, Weirdness & Mutations

You cannot be hasted, slowed, berserked, paralysed or teleported.
You can dig through walls and to a lower floor.
Your four strong arms can wield two-handed weapons with a shield.
You have a pair of large antennae on your head. (SInv)


Message History

Unknown command.
You hit the orc priest.
The orc priest is lightly wounded.
You closely miss the kobold. You slash the orc!
You kill the orc!
The orc priest hits you with a +0 dagger.
* * * LOW HITPOINT WARNING * * *
The kobold hits you with a +0 club.
* * * LOW HITPOINT WARNING * * *
You hit the orc priest.
The orc priest is moderately wounded.
You miss the leopard gecko. You hit the kobold.
The leopard gecko barely misses you.
The orc priest hits you with a +0 dagger.
* * * LOW HITPOINT WARNING * * *
The kobold barely misses you.
The leopard gecko bites you but does no damage.
The orc priest mumbles some strange prayers to Beogh against you.
Beogh smites you!
You die...

##...###... #.........#
#.. #....###.## #.#
#.#.## { #.# #.#.# {
#.#.# #.#.# #.#.# #.#.#
#.#.# ##.#.# ##l#.#
.....# .#####K@o.#
###### ....?.....# #
######....### #
#...$..# # ###
####..#.#### # ##.##
#....###.... #
##...###.##....##
########.....##.##..#.#
...)..........#.##.##
..


You could see an orc priest, a leopard gecko and a kobold.

Vanquished Creatures
  Jessica (D:3)
  An orc wizard (D:3)
  A gnoll (D:1)
  2 adders (D:2)
  2 dart slugs (D:1)
  2 orcs (D:3)
  3 giant cockroaches
  8 goblins
  A hobgoblin (D:1)
  4 jackals (D:2)
  A kobold (D:2)
  5 bats
  4 frilled lizards
  4 rats (D:1)
39 creatures vanquished.

Notes
Turn   | Place    | Note
-------+----------+-------------------------------------------
     0 | D:1      | DunjonMajik the Formicid Fighter began the quest for the
                  | Orb.
     0 | D:1      | Reached XP level 1. HP: 18/18 MP: 1/1
   108 | D:1      | Reached XP level 2. HP: 23/24 MP: 2/2
   319 | D:1      | Reached XP level 3. HP: 21/29 MP: 3/3
   820 | D:2      | Found a snail-covered altar of Cheibriados.
  1036 | D:2      | Reached XP level 4. HP: 35/35 MP: 4/4
  1365 | D:3      | Noticed Jessica
  1369 | D:3      | Killed Jessica
  1369 | D:3      | Reached skill level 4 in Shields
  1438 | D:3      | Reached skill level 5 in Shields
  1438 | D:3      | Reached XP level 5. HP: 30/41 MP: 5/5
  1443 | D:3      | Killed from afar by an orc priest

Illustrated notes

Levels and vault maps discovered:
D:1:      nicolae_arrival_washed_ashore, layout_basic,
          hangedman_abyss_or_decor_lesser_grid
D:2:      layout_rooms, lemuel_altar_in_water2
D:3:      layout_loops_ring, nicolae_overflow_crystal_walls, first_ration,
          trog_butcher_becter, uniq_sigmund, uniq_jessica, uniq_ijyb,
          uniq_natasha

Skill      XL: |  1  2  3  4 |
---------------+-------------+-----
Axes           | 3 4 |  4.1
Shields        | 5 |  5.0
Fighting       | |  3.2
Armour         | |  3.2

Action                   |  1- 3 |  4- 6 || total
-------------------------+-------+-------++-------
Melee: War axe           |    56 |    32 ||    88
Throw: Dart              |     2 |       ||     2
  Eat: Chunk             |       |     2 ||     2
Armor: Scale mail        |    31 |    24 ||    55
Dodge: Dodged            |    35 |    22 ||    57
